 Dungeon Crawl Stone Soup version 0.27.1-33-g824d729ab1 (webtiles) character file.

Game seed: 18389156171028053744

10269 pkoi the Grappler (level 11, -10/79 HPs)
             Began as a Black Draconian Warper on Dec 17, 2021.
             Was a High Priest of the Shining One.
             Mangled by a komodo dragon (13 damage)
             ... while petrified by a basilisk
             ... on level 1 of the Lair of Beasts.
             The game lasted 00:23:12 (12705 turns).

pkoi the Grappler (Black Draconian Warper)         Turns: 12705, Time: 00:23:12

Health: -10/79     AC:  7    Str: 20    XL:     11   Next: 34%
Magic:  12/17      EV:  2    Int: 17    God:    the Shining One [*****.]
Gold:   568        SH:  0    Dex: 16    Spells: 6/18 levels left

rFire    . . .     SeeInvis .     - Unarmed
rCold    . . .     Faith    .   (no shield)
rNeg     + + +     Spirit   .   (armour unavailable)
rPois    ∞         Reflect  .   (helmet restricted)
rElec    +         Harm     .   (no cloak)
rCorr    .         Rampage  .   (no gloves)
Will     .....                  (no boots)
Stlth    +.........             i - amulet of regeneration
HPRegen  1.23/turn              f - +6 ring of dexterity
MPRegen  0.15/turn              w - +6 ring of strength

@: petrified, glowing, studying Throwing
A: breathe lightning, AC +7, unfitting armour, electricity resistance,
cold-blooded
a: Breathe Lightning, Renounce Religion, Divine Shield, Cleansing Flame, Summon
Divine Warrior


You were on level 1 of the Lair of Beasts.
You worshipped the Shining One.
The Shining One was extremely pleased with you.
You visited 3 branches of the dungeon, and saw 13 of its levels.
You also visited: Sewer and Ossuary.

You collected 718 gold pieces.
You spent 150 gold pieces at shops.

Inventory:

Hand Weapons
 b - the +6 hunting sling "Qielum" {venom, rC- MP-9 Int+7}
   (You took it off a goblin on level 4 of the Dungeon)

   Any ammunition fired from it poisons the flesh of those it strikes.
   Int:       It affects your intelligence (+7).
   rC:        It makes you vulnerable to cold.
   MP:        It affects your magic capacity (-9).
 c - a +1 dagger of electrocution
Missiles
 j - 41 poisoned darts (quivered)
 m - 6 atropa-tipped darts
 o - 4 boomerangs of dispersal
 p - 261 stones
 y - 2 throwing nets
 A - 3 boomerangs
Jewellery
 f - a +6 ring of dexterity (left hand)
 i - an amulet of regeneration (around neck)
 w - a +6 ring of strength (right hand)
 E - a ring of ice
 J - a ring of protection from cold
Wands
 g - a wand of mindburst (28)
 n - a wand of charming (11)
 s - a wand of polymorph (20)
 C - a wand of flame (17)
 D - a wand of acid (9)
Scrolls
 a - a scroll of blinking
 k - 2 scrolls of fear
 v - 7 scrolls of teleportation
 x - a scroll of enchant armour
 G - 2 scrolls of enchant weapon
 I - a scroll of magic mapping
 K - a scroll of identify
Potions
 d - 3 potions of curing
 e - 2 potions of mutation
 h - 3 potions of might
 l - 3 potions of ambrosia
 q - a potion of cancellation
 r - 2 potions of heal wounds
 t - 2 potions of lignification
 u - 3 potions of brilliance
 z - 2 potions of attraction
 B - 3 potions of haste
 F - a potion of berserk rage
 H - a potion of resistance


   Skills:
 - Level 2.1 Fighting
 - Level 4.0 Throwing
 - Level 7.0 Dodging
 * Level 12.1 Unarmed Combat
 - Level 4.0 Spellcasting
 + Level 7.4 Translocations
 - Level 5.0 Transmutations
 - Level 5.8 Air Magic
 - Level 1.0 Earth Magic


You had 6 spell levels left.
You knew the following spells:

 Your Spells              Type           Power      Damage    Failure   Level
a - Blink                 Tloc           N/A        N/A       1%          2
b - Swiftness             Air            23%        N/A       4%          3
c - Passwall              Tmut/Erth      10%        N/A       7%          2
d - Manifold Assault      Tloc           28%        N/A       22%         5

Your spell library contained the following spells:

 Spells                   Type           Power      Damage    Failure   Level
 Gell's Gravitas          Tloc           14%        N/A       2%          3
 Lesser Beckoning         Tloc           14%        N/A       2%          3
 Teleport Other           Tloc           28%        N/A       2%          3
 Animate Skeleton         Necr           6%         N/A       16%         1
 Summon Small Mammal      Summ           12%        N/A       16%         1
 Mephitic Cloud           Conj/Pois/Air  10%        N/A       22%         3
 Ignite Poison            Fire/Tmut/Pois 9%         N/A       24%         3
 Call Canine Familiar     Summ           3%         N/A       43%         3
 Conjure Flame            Conj/Fire      3%         6-21      43%         3
 Ozocubu's Armour         Ice            3%         N/A       43%         3
 Summon Guardian Golem    Hex/Summ       3%         N/A       43%         3
 Olgreb's Toxic Radiance  Pois           3%         N/A       83%         4
 Sticky Flame             Conj/Fire      3%         2d3       83%         4
 Bolt of Magma            Conj/Fire/Erth 2%         4d4       98%         5
 Metabolic Englaciation   Hex/Ice        1%         N/A       99%         5
 Invisibility             Hex            1%         N/A       100%        6
 Simulacrum               Ice/Necr       1%         N/A       100%        6
 Ozocubu's Refrigeration  Ice            1%         4d5       100%        7
 Ignition                 Fire           1%         3d3       100%        8


Dungeon Overview and Level Annotations

Branches:
Dungeon (11/15)            Temple (1/1) D:5            Lair (1/6) D:10
    Orc (0/2) D:9           Sewer (visited)         Ossuary (visited)

Altars:
Ashenzari
Cheibriados
Dithmenos
Elyvilon
Fedhas
Gozag
Hepliaklqana
Kikubaaqudgha
Makhleb
Nemelex Xobeh
Okawaru
Qazlal
Ru
Sif Muna
Trog
Uskayaw
Vehumet
Wu Jian
Xom
Yredelemnul
Zin
The Shining One

Shops:
D:9 !

Annotations:
D:4 2 transporters, pkoi's ghost, novice DrMo
D:8 3 runed translucent doors, Joey1's ghost, novice MiBe
D:11 Sonja


Innate Abilities, Weirdness & Mutations

You can breathe wild blasts of lightning.
Your glossy black scales are hard. (AC +7)
You cannot fit into any form of body armour.
You are resistant to electric shocks. (rElec)
You are cold-blooded and may be slowed by cold attacks.


Message History

The basilisk hisses angrily.
An iguana comes into view.
The iguana hisses angrily.
The basilisk gazes at you.
You are slowing down.
The basilisk gazes at you. You resist with some effort. The iguana bites you.
Your limbs are stiffening.
You have turned to stone.
The iguana bites you!
* * * LOW HITPOINT WARNING * * *
The komodo dragon bites you!
* * * LOW HITPOINT WARNING * * *
The iguana bites you but does no damage.
The iguana bites you!
* * * LOW HITPOINT WARNING * * *
You have got your breath back.
The komodo dragon hisses menacingly.
The komodo dragon bites you. The iguana bites you.
* * * LOW HITPOINT WARNING * * *
The komodo dragon bites you!
* * * LOW HITPOINT WARNING * * *
The iguana bites you!
* * * LOW HITPOINT WARNING * * *
The komodo dragon barely misses you. The iguana barely misses you.
The basilisk gazes at you. You resist with some effort.
The iguana bites you. x2
* * * LOW HITPOINT WARNING * * *
The komodo dragon bites you!
* * * LOW HITPOINT WARNING * * *
A yak comes into view.
The iguana bites you!
* * * LOW HITPOINT WARNING * * *
The basilisk bites you!
* * * LOW HITPOINT WARNING * * *
The iguana bites you but does no damage.
The iguana bites you! The Shining One protects you from harm!
The yak bellows!
The komodo dragon bites you!!
You die...

#...........## #............#
#...........## #...........#
#...........# #...........#
#####.......<..######
P#PP#..........#.l..######
................@lY....#.#
...............lll......##
.........................##
..........................##
.......>...................##
.......................Y....##
...............).............##
..............................###
........................#....†...


You could see a komodo dragon, 2 yaks, a basilisk and 3 iguanas.

Vanquished Creatures
  A two-headed ogre (D:9)
  A cyclops (D:9)
  An unseen horror (D:10)
  2 komodo dragons
  A polar bear (D:10)
  A shadow (D:9)
  Sigmund (D:2)
  13 yaks
  2 wraiths
  A wyvern (D:5)
  A steam dragon (D:6)
  Grum (D:8)
  2 vampire mosquitoes (D:10)
  2 water moccasins
  2 acid dragons
  2 black bears
  An orc warrior (D:7)
  2 sky beasts (D:7)
  An ogre (D:5)
  A necrophage (D:7)
  2 centaurs
  3 wolves
  A kobold brigand (D:10)
  9 bullfrogs
  2 scorpions (D:6)
  2 wyvern skeletons (D:6)
  A water moccasin zombie (D:7)
  10 killer bees
  4 wights (D:7)
  3 electric eels (D:8)
  5 howler monkeys
  A bullfrog zombie (D:5)
  9 centaur zombies
  3 hounds
  2 orc priests
  A bullfrog skeleton (D:6)
  2 jellies (D:6)
  3 centaur skeletons
  2 iguanas
  5 orc wizards
  Natasha (thrice) (D:2)
  3 mummies (Ossuary)
  5 howler monkey zombies
  A howler monkey skeleton (D:5)
  8 adders
  2 white imps
  An ufetubus (D:7)
  3 adder zombies (Ossuary)
  4 worms
  4 dart slugs
  40 orcs
  23 endoplasms
  6 giant cockroaches
  3 gnoll zombies (Ossuary)
  13 goblins
  6 hobgoblins
  4 jackals (D:1)
  14 quokkas
  12 ball pythons
  8 bats
  12 frilled lizards
  2 goblin zombies (Ossuary)
  4 hobgoblin zombies (Ossuary)
  4 jackal zombies (Ossuary)
  15 kobolds
  3 kobold zombies (Ossuary)
  2 orc zombies (Ossuary)
  5 quokka zombies (Ossuary)
  4 rats
  3 rat zombies (Ossuary)
326 creatures vanquished.

Vanquished Creatures (others)
  2 demonic plants (D:11)
  A fungus (D:1)
  39 plants
42 creatures vanquished.

Grand Total: 368 creatures vanquished

Notes
Turn   | Place    | Note
-------+----------+-------------------------------------------
     0 | D:1      | pkoi the Draconian Warper began the quest for the Orb.
     0 | D:1      | Reached XP level 1. HP: 17/17 MP: 3/3
   332 | D:1      | Reached XP level 2. HP: 21/24 MP: 5/5
   512 | D:1      | Reached skill level 3 in Unarmed Combat
   730 | D:1      | Found a faded altar of an unknown god.
   734 | D:1      | Got Plato's Catalogue of Black Rites
   738 | D:1      | Learned a level 2 spell: Blink
  1452 | D:2      | Reached XP level 3. HP: 27/29 MP: 6/6
  1664 | D:2      | Noticed Sigmund
  1759 | D:2      | Noticed Natasha
  1771 | D:2      | Killed Natasha
  1772 | D:2      | Reached skill level 4 in Unarmed Combat
  1772 | D:2      | Reached XP level 4. HP: 36/36 MP: 7/7
  2104 | D:3      | Reached skill level 5 in Unarmed Combat
  2242 | D:3      | Found a white marble altar of Elyvilon.
  2243 | D:3      | Found a radiant altar of Vehumet.
  2682 | D:4      | Noticed a black bear
  2684 | D:4      | Killed a black bear
  2685 | D:4      | Reached skill level 6 in Unarmed Combat
  2685 | D:4      | Reached XP level 5. HP: 41/41 MP: 8/8
  2886 | D:4      | Identified the +6 hunting sling "Qielum" {venom, rC- MP-9
                  | Int+7}
  3517 | D:2      | Reached XP level 6. HP: 48/48 MP: 0/9
  3547 | D:2      | Noticed Natasha
  3552 | D:2      | Killed Natasha
  3703 | D:2      | Noticed Natasha
  3705 | D:2      | Killed Natasha
  3808 | D:2      | Killed Sigmund
  3809 | D:2      | Reached skill level 7 in Unarmed Combat
  4175 | D:4      | Found a transporter.
  4178 | D:4      | Found a transporter.
  4178 | D:4      | Noticed pkoi's ghost (novice DrMo)
  4646 | D:5      | Entered Level 5 of the Dungeon
  4667 | D:5      | Your scales start taking on a glossy black colour.
  4667 | D:5      | Reached XP level 7. HP: 55/55 MP: 0/10
  4667 | D:5      | Gained mutation: You are resistant to electric shocks.
                  | (rElec) [Black Draconian growth]
  4966 | D:5      | Found a staircase to the Ecumenical Temple.
  4979 | Temple   | Entered the Ecumenical Temple
  4984 | Temple   | Learned a level 3 spell: Swiftness
  4987 | Temple   | Learned a level 2 spell: Passwall
  5146 | Temple   | Became a worshipper of the Shining One
  5231 | D:5      | Noticed a wyvern
  5239 | D:5      | Killed a wyvern
  5240 | D:5      | Reached skill level 8 in Unarmed Combat
  5240 | D:5      | Reached skill level 1 in Air Magic
  5529 | D:6      | Reached skill level 1 in Transmutations
  5529 | D:6      | Reached XP level 8. HP: 61/61 MP: 2/11
  5575 | D:6      | Reached skill level 1 in Earth Magic
  5717 | D:6      | Found a sand-covered staircase.
  5722 | Ossuary  | Entered an ossuary
  5812 | Ossuary  | Reached * piety under the Shining One
  5868 | Ossuary  | Reached ** piety under the Shining One
  5927 | Ossuary  | Reached *** piety under the Shining One
  6078 | D:6      | Found a glowing drain.
  6089 | Sewer    | Entered a sewer
  6512 | D:6      | Reached skill level 9 in Unarmed Combat
  6512 | D:6      | Reached XP level 9. HP: 62/67 MP: 13/13
  6531 | D:6      | Learned a level 5 spell: Manifold Assault
  7009 | D:6      | You fall into a shaft and drop 2 floors!
  7010 | D:8      | Noticed Grum
  7037 | D:6      | Reached skill level 5 in Dodging
  7259 | D:7      | Reached **** piety under the Shining One
  7412 | D:7      | Reached skill level 5 in Translocations
  7768 | D:7      | Reached skill level 10 in Unarmed Combat
  7796 | D:7      | Reached skill level 5 in Air Magic
  8023 | D:8      | Reached skill level 1 in Throwing
  8023 | D:8      | Reached XP level 10. HP: 73/73 MP: 6/16
  8085 | D:8      | Killed Grum
  8671 | D:8      | Found a stormy altar of Qazlal.
  8958 | D:8      | Found a runed translucent gate.
  8963 | D:8      | Noticed Joey1's ghost (novice MiBe)
  8970 | D:8      | Found a runed translucent gate.
  8971 | D:8      | Found a runed translucent gate.
  9159 | D:8      | Found a glowing silver altar of Zin.
  9388 | D:9      | Found Uriex Hud's Distillery.
  9398 | D:9      | Bought a potion of haste for 150 gold pieces
  9704 | D:9      | Noticed a cyclops
  9729 | D:9      | Killed a cyclops
  9730 | D:9      | Reached skill level 5 in Transmutations
  9918 | D:9      | Found a shimmering blue altar of Sif Muna.
  9977 | D:9      | Found a staircase to the Orcish Mines.
 10074 | D:9      | Noticed a two-headed ogre
 10079 | D:9      | Killed a two-headed ogre
 10522 | D:10     | Entered Level 10 of the Dungeon
 10561 | D:10     | Reached ***** piety under the Shining One
 10575 | D:10     | Reached skill level 11 in Unarmed Combat
 10975 | D:10     | Found a staircase to the Lair.
 11865 | D:11     | Noticed Sonja
 11973 | D:11     | Reached XP level 11. HP: 79/79 MP: 10/17
 12051 | Lair:1   | Entered Level 1 of the Lair of Beasts
 12592 | Lair:1   | Reached skill level 12 in Unarmed Combat
 12704 | Lair:1   | HP: 2/79 [basilisk (4)]
 12704 | Lair:1   | The Shining One protects you from harm!
 12705 | Lair:1   | Mangled by a komodo dragon

Illustrated notes

Levels and vault maps discovered:
D:1:      mrwooster_arrival_statue, layout_basic,
          shapermc_ecumenical_altar_rom_forum
D:2:      layout_rooms, uniq_sigmund, uniq_natasha
D:3:      layout_basic, mainiacjoe_overflow_divided_tiny, minmay_close_crescents
D:4:      layout_loops_corners, gammafunk_ghost_arena
D:5:      layout_cave_pools, minmay_temple_entry_offerings,
          chequers_serial_rivers_micro_d
D:6:      layout_gridville, enter_ossuary_2, cheibrodos_sewer_entry_bend
D:7:      layout_rooms, minmay_fountain_box, minmay_manual_monstrance
D:8:      layout_basic, amcnicky_altar_gilded, lemuel_doored_altar,
          gammafunk_ghost_split, serial_bayou, serial_bayou_crossing,
          serial_bayou_pond_c, serial_bayou_pond_c, serial_bayou_lake_a,
          serial_bayou_lagoon_a, minmay_puff, uniq_grum
D:9:      layout_loops_ring, orc_0_dummy, serial_shops, nicolae_shop_stone,
          minmay_ruined_shrine
D:10:     layout_cave_pods, lair_entry_dummy, special_room [special_room_orc]
D:11:     kennysheep_kobold_lugonu_temple, layout_cave_pools, nrook_mini_vaults,
          zin_scriptorium, uniq_sonja
Temple:   compressed_dpeg_circular_temple
Lair:1:   beast_lair_carwin_large_4, layout_hall_layers

Skill      XL: |  1  2  3  4  5  6  7  8  9 10 11 |
---------------+----------------------------------+-----
Unarmed Combat | 3 4 6 7 8 9 10 11 12 | 12.1
Dodging        | 3 4 5 6 7 |  7.0
Air Magic      | 1 3 5 |  5.8
Transmutations | 1 2 4 5 |  5.0
Earth Magic    | 1 |  1.0
Spellcasting   | 3 4 |  4.0
Translocations | 4 5 6 7 |  7.4
Throwing       | 1 4 |  4.0
Fighting       | |  2.1

Action                   |  1- 3 |  4- 6 |  7- 9 | 10-12 || total
-------------------------+-------+-------+-------+-------++-------
Melee: Unarmed           |   131 |    13 |   294 |   206 ||   644
       Tailslap          |    13 |     7 |    39 |    40 ||    99
       Punch             |     1 |     1 |     8 |    12 ||    22
       Dagger            |       |    53 |     5 |       ||    58
 Fire: Hunting sling     |       |    56 |   154 |   103 ||   313
Throw: Dart              |     3 |     1 |       |     5 ||     9
       Boomerang         |     1 |       |       |       ||     1
 Abil: Breathe Lightning |       |       |     2 |     7 ||     9
  Use: Scroll            |     4 |     2 |     3 |     8 ||    17
       Potion            |       |       |       |     5 ||     5
 Stab: Sleeping          |       |     1 |       |       ||     1
Armor: Skin              |    52 |    30 |   107 |    90 ||   279
Dodge: Dodged            |    76 |    41 |   277 |   204 ||   598
